 Dungeon Crawl Stone Soup version 0.29.1-2-gbd0b4ee654 (webtiles) character file.

Game seed: 9081999408024273778

163 GorkyZ the Trooper (level 5, 0/41 HPs)
             Began as a Demonspawn Fighter on Nov 19, 2022.
             Slain by an iguana (7 damage)
             ... on level 4 of the Dungeon.
             The game lasted 00:06:27 (3103 turns).

GorkyZ the Trooper (Demonspawn Fighter)             Turns: 3103, Time: 00:06:28

Health: 0/41       AC: 13    Str: 18    XL:     5   Next: 20%
Magic:  5/5        EV:  5    Int:  9    God:
Gold:   84         SH:  4    Dex: 13    Spells: 4/4 levels left

rFire   . . .      SeeInvis .   a - +0 war axe
rCold   . . .      Faith    .   c - +0 buckler
rNeg    + . .      Spirit   .   s - +0 plate armour
rPois   .          Reflect  .   (no helmet)
rElec   .          Harm     .   (no cloak)
rCorr   .          Rampage  .   g - +0 pair of gloves
Will    +....                   t - +0 pair of boots
Stlth   ..........              (no amulet)
HPRegen 0.13/turn               l - ring of willpower
MPRegen 0.09/turn               n - ring of positive energy

@: no status effects
A: demonic guardian 2, demonic touch 1
a: no special abilities


You were on level 4 of the Dungeon.
You visited 1 branch of the dungeon, and saw 4 of its levels.

You collected 133 gold pieces.
You spent 49 gold pieces at shops.

Inventory:

Hand Weapons
 a - a +0 war axe (weapon)
Missiles
 k - 6 poisoned darts (quivered)
Armour
 b - a +0 scale mail
 c - a +0 buckler (worn)
 g - a +0 pair of gloves (worn)
 s - a +0 plate armour (worn)
 t - a +0 pair of boots (worn)
Jewellery
 l - a ring of willpower (left hand)
 m - an amulet of faith
 n - a ring of positive energy (right hand)
 o - a +6 ring of strength
Scrolls
 e - 2 scrolls of enchant weapon {unknown}
 h - a scroll of noise {unknown}
 j - 2 scrolls of amnesia {unknown}
 p - 2 scrolls of fear {unknown}
 q - 2 scrolls of identify {unknown}
 r - a scroll of butterflies {unknown}
 v - a scroll of vulnerability {unknown}
 y - a scroll of poison {unknown}
Potions
 d - a potion of might
 f - a potion of cancellation {unknown}
 i - 2 potions of curing {unknown}
 u - a potion of flight {unknown}
 w - a potion of berserk rage {unknown}
 x - a potion of haste {unknown}


   Skills:
 + Level 3.6 Fighting
 + Level 2.5 Axes
 + Level 1.4 Throwing
 + Level 3.3 Armour
 + Level 3.3 Shields
 + Level 1.6 Evocations


You had 4 spell levels left.
You didn't know any spells.
Your spell library was empty.

Dungeon Overview and Level Annotations

Branches:
Dungeon (4/15)
 Temple: D:4-7

Altars:
Cheibriados

Shops:
D:3 [


Innate Abilities, Weirdness & Mutations

A demonic guardian rushes to your aid.
Your touch may inflict minor irresistible damage on your foes.


Message History

Found a stone staircase leading up.
There is a stone staircase leading up here.
An adder comes into view.
You block the kobold's attack.
You slash the kobold!
You kill the kobold!
An iguana comes into view.
You see here a +0 short sword.
You closely miss the iguana.
The iguana bites you but does no damage.
You barely miss the iguana.
The iguana bites you. x2; The adder bites you.
You hit the iguana but do no damage. You hit the adder but do no damage.
The adder bites you but does no damage.
The iguana bites you but does no damage.
You closely miss the iguana. You hit the endoplasm but do no damage.
You hit the adder. The adder bites you. The endoplasm freezes you.
You are frozen.
You block the iguana's attack. The adder barely misses you.
You slash the adder!
You kill the adder!
You hit the iguana. You hit the endoplasm.
The endoplasm hits you but does no damage.
The iguana bites you. The endoplasm closely misses you.
The iguana bites you but does no damage.
The iguana bites you.
You are too injured to fight recklessly!
Unknown command.
You hit the iguana.
The iguana is lightly wounded.
You hit the endoplasm.
You kill the endoplasm!
You completely miss the iguana. You block the iguana's attack.
The iguana bites you but does no damage.
You barely miss the iguana.
The iguana is lightly wounded.
You closely miss the iguana. The iguana bites you!
* * * LOW HITPOINT WARNING * * *
A demonic guardian appears!
You block the iguana's attack. x2
The iguana bites you!
You die...

..# ## ...###
.#.... ......
.......
#....####.#..#
#..........####.
#...............
###...l...........
......l@..........
#........4........
#.#.......<.......
#########<......
#######


You could see 2 iguanas and a friendly rust devil (summoned).

Vanquished Creatures
  An orc priest (D:3)
  5 adders
  A worm (D:2)
  A dart slug (D:3)
  7 orcs (D:3)
  5 bats
  8 endoplasms
  7 goblins
  5 hobgoblins
  6 jackals (D:1)
  5 kobolds
  2 quokkas
  6 ball pythons
  5 frilled lizards
  5 rats
69 creatures vanquished.

Vanquished Creatures (collateral kills)
  A goblin (D:1)
1 creature vanquished.

Grand Total: 70 creatures vanquished

Notes
Turn   | Place    | Note
-------+----------+-------------------------------------------
     0 | D:1      | GorkyZ the Demonspawn Fighter began the quest for the Orb.
     0 | D:1      | Reached XP level 1. HP: 18/18 MP: 1/1
    75 | D:1      | Gained mutation: A weak demonic guardian rushes to your
                  | aid. [demonic ancestry]
    75 | D:1      | Reached XP level 2. HP: 21/24 MP: 2/2
   300 | D:1      | Gained mutation: A demonic guardian rushes to your aid.
                  | [demonic ancestry]
   300 | D:1      | Reached XP level 3. HP: 13/29 MP: 3/3
  1321 | D:2      | Reached skill level 1 in Evocations
  2076 | D:3      | Reached skill level 1 in Throwing
  2079 | D:3      | Gained mutation: Your touch may inflict minor irresistible
                  | damage on your foes. [demonic ancestry]
  2079 | D:3      | Reached XP level 4. HP: 18/35 MP: 4/4
  2241 | D:3      | Found Risyweicw's Armour Emporium.
  2277 | D:3      | Found a snail-covered altar of Cheibriados.
  2306 | D:3      | Bought a +0 pair of boots for 49 gold pieces
  2839 | D:3      | Reached XP level 5. HP: 41/41 MP: 5/5
  3103 | D:4      | Slain by an iguana

Illustrated notes

Levels and vault maps discovered:
D:1:      minmay_arrival_checkered_box, layout_loops_ring, minmay_hexomino_c4
D:2:      layout_basic
D:3:      minmay_evil_eye, layout_basic, kennysheep_slug_shrine, serial_shops,
          shop_fountains
D:4:      layout_rooms, temple_green

Skill      XL: |  1  2  3 |
---------------+----------+-----
Axes           | 2 |  2.5
Armour         | 3 |  3.3
Evocations     | 1 |  1.6
Shields        | 3 |  3.3
Throwing       | 1 |  1.4
Fighting       | |  3.6

Action                   |  1- 3 |  4- 6 || total
-------------------------+-------+-------++-------
Melee: War axe           |   123 |    73 ||   196
Armor: Scale mail        |    69 |     7 ||    76
       Plate armour      |       |    54 ||    54
Dodge: Dodged            |    69 |    24 ||    93
Block: Buckler           |    29 |    19 ||    48
